 Dungeon Crawl Stone Soup version 0.29.1-12-g30fa7ad0bf (webtiles) character file.

Game seed: 9657138597073704094

37 nerdsy the Covered (level 3, -2/29 HPs)
             Began as a Human Fighter on Dec 28, 2022.
             Killed from afar by Sigmund (10 damage)
             ... with a puff of flame
             ... on level 2 of the Dungeon.
             The game lasted 00:11:18 (1024 turns).

nerdsy the Covered (Human Fighter)                  Turns: 1024, Time: 00:11:19

Health: -2/29      AC:  6    Str: 18    XL:     3   Next: 60%
Magic:  3/3        EV:  9    Int:  8    God:
Gold:   46         SH:  0    Dex: 12    Spells: 2/2 levels left

rFire   . . .      SeeInvis .   a - +0 long sword
rCold   . . .      Faith    .   c - +0 buckler
rNeg    . . .      Spirit   .   b - +0 scale mail
rPois   .          Reflect  .   (no helmet)
rElec   .          Harm     .   (no cloak)
rCorr   .          Rampage  .   (no gloves)
Will    .....                   (no boots)
Stlth   ..........              (no amulet)
HPRegen 0.09/turn               (no ring)
MPRegen 0.08/turn               (no ring)

@: confused
A: no striking features
a: no special abilities


You were on level 2 of the Dungeon.
You visited 1 branch of the dungeon, and saw 2 of its levels.

You collected 46 gold pieces.

Inventory:

Hand Weapons
 a - a +0 long sword (weapon)
 g - a +0 short sword
 h - a +0 dagger
 k - a +0 sling
 l - a +0 dagger
 m - a +0 short sword
 n - a +0 whip
 p - a +0 mace
 u - a +0 club
 v - a +0 club
Missiles
 j - 22 stones (quivered)
 w - 5 boomerangs
Armour
 b - a +0 scale mail (worn)
 c - a +0 buckler (worn)
 i - a +0 leather armour
 o - a +0 chain mail
Jewellery
 e - a +4 ring of protection
Scrolls
 r - a scroll of blinking {unknown}
 s - a scroll of identify {unknown}
 t - a scroll of magic mapping {unknown}
Potions
 d - a potion of might
 f - a potion of curing {unknown}
 q - a potion of degeneration {unknown}


   Skills:
 + Level 3.2 Fighting
 + Level 2.4 Long Blades
 + Level 3.5 Armour
 + Level 0.2 Dodging
 + Level 3.3 Shields


You had 2 spell levels left.
You didn't know any spells.
Your spell library was empty.

Dungeon Overview and Level Annotations

Branches:
Dungeon (2/15)

Altars:

Annotations:
D:2 Sigmund


Message History

You kill the endoplasm!
Sigmund the Dreaded comes into view.
He is wielding a +0 scythe.
Sigmund closely misses you.
You see here a +0 mace.
You see here 7 gold pieces.
You hit Sigmund but do no damage. Sigmund hits you with a +0 scythe.
You hit Sigmund.
Sigmund is lightly wounded.
Sigmund barely misses you.
You hit Sigmund.
Sigmund is lightly wounded.
Sigmund hits you but does no damage.
You slash Sigmund!
Sigmund is heavily wounded.
You block Sigmund's attack.
You hit Sigmund but do no damage.
Sigmund is heavily wounded.
You block Sigmund's attack.
You hit Sigmund.
Sigmund is heavily wounded.
Sigmund mumbles some strange words.
Sigmund flickers and vanishes!
Deactivating autopickup; reactivate with Ctrl-A.
You barely miss something.
You hear some strange, mumbled words.
You are confused.
You bump into the rock wall.
You hear some strange, mumbled words.
Something tries to affect you, but you resist.
You miss something.
You hear some strange, mumbled words.
Something tries to affect you, but you resist.
You miss something. Something hits you!
You're too confused to move!
Something hits you!
* * * LOW HITPOINT WARNING * * *
You're too confused to move!
You hear some strange, mumbled words.
A puff of flame appears from out of thin air!
The puff of flame hits you!
You die...

#.# #.# #.#
#.# #.# #.#
#.# # #.#
#.# . #.#
#.# # #.#
#.# # #{#
#.# #
#@####.## #
#)....#.####
#
#....###...#
#
##....#.##.#
# ##.##.#
#.# #.####
#.#######
#.#
#....^...
#.#
#######...>#
#..
........##.#


There were no monsters in sight!

Vanquished Creatures
  A dart slug (D:2)
  6 endoplasms
  2 giant cockroaches (D:1)
  3 goblins
  3 hobgoblins
  2 kobolds (D:1)
  A ball python (D:2)
  6 bats
  3 frilled lizards (D:1)
  3 rats (D:2)
30 creatures vanquished.

Vanquished Creatures (others)
  A fungus (D:2)
  A plant (D:1)
2 creatures vanquished.

Grand Total: 32 creatures vanquished

Notes
Turn   | Place    | Note
-------+----------+-------------------------------------------
     0 | D:1      | nerdsy the Human Fighter began the quest for the Orb.
     0 | D:1      | Reached XP level 1. HP: 18/18 MP: 1/1
   140 | D:1      | Reached XP level 2. HP: 24/24 MP: 2/2
   522 | D:1      | Reached XP level 3. HP: 29/29 MP: 3/3
   768 | D:2      | Found a faded altar of an unknown god.
  1010 | D:2      | Noticed Sigmund
  1024 | D:2      | Killed from afar by Sigmund

Illustrated notes

Levels and vault maps discovered:
D:1:      dpeg_arrival_refuge, layout_rooms, kennysheep_boxes
D:2:      layout_loops_ring, basic_altar, shapermc_ecumenical_altar_rom_forum,
          uniq_sigmund, uniq_robin

Action                   || total
-------------------------++-------
Melee: Long sword        ||    98
Armor: Scale mail        ||    57
Dodge: Dodged            ||    46
Block: Buckler           ||    27
